 Dungeon Crawl Stone Soup version 0.23.2-1-ga50397a (webtiles) character file.

Game seed: 9643399527984802448

35 Kahibar the Vexing (level 3, -2/35 HPs)
             Began as an Ogre Arcane Marksman on May 18, 2019.
             Slain by a worm (5 damage)
             ... on level 2 of the Dungeon.
             The game lasted 00:10:07 (1335 turns).

Kahibar the Vexing (Ogre Arcane Marksman)           Turns: 1335, Time: 00:10:08

Health: -2/35      AC:  3    Str: 14    XL:     3   Next: 33%
Magic:  4/5        EV: 10    Int: 15    God:
Gold:   88         SH:  0    Dex:  9    Spells: 2/5 levels left

rFire    . . .     SeeInvis .   b - +0 short sword
rCold    . . .     Gourm    .   (no shield)
rNeg     . . .     Faith    .   a - +0 robe
rPois    .         Spirit   .   (helmet restricted)
rElec    .         Reflect  .   (no cloak)
rCorr    .         Harm     .   (gloves unavailable)
MR       .....                  (boots unavailable)
Stlth    +.........             (no amulet)
HPRegen  0.11/turn              (no ring)
MPRegen  0.09/turn              (no ring)

@: very slightly contaminated
A: large, unfitting armour, tough skin 1
a: no special abilities


You were on level 2 of the Dungeon.
You were not hungry.

You visited 1 branch of the dungeon, and saw 2 of its levels.

You collected 88 gold pieces.

Inventory:

Hand Weapons
 b - a +0 short sword (weapon)
Missiles
 d - 2 throwing nets
 e - 2 large rocks (quivered)
 i - 88 stones
 k - 19 poisoned needles
Armour
 a - a +0 robe (worn)
 h - a cursed +0 robe
Scrolls
 c - a scroll of magic mapping {unknown}
 g - 3 scrolls of identify {unknown}
 l - a scroll of enchant armour {unknown}
Potions
 j - a potion of curing {unknown}
Comestibles
 f - 3 rations


   Skills:
 + Level 1.7 Fighting
 + Level 0.7 Short Blades
 + Level 2.0 Throwing
 + Level 2.0 Dodging
 * Level 1.8 Spellcasting
 + Level 3.3 Hexes


You had 2 spell levels left.
You knew the following spells:

 Your Spells              Type           Power        Failure   Level  Hunger
a - Corona                Hex            ##.....      6%          1    ##.....
b - Slow                  Hex            ##......     9%          2    ###....

Your spell library contained the following spells:

 Spells                   Type           Power        Failure   Level  Hunger
 Inner Flame              Hex/Fire       #.......     34%         3    ####...
 Portal Projectile        Hex/Tloc       #.....       34%         3    ####...
 Cause Fear               Hex            ##........   50%         4    #####..
 Leda's Liquefaction      Hex/Erth       #.........   75%         4    #####..


Dungeon Overview and Level Annotations

Branches:
Dungeon (2/15)

Altars:
Ru


Innate Abilities, Weirdness & Mutations

You are too large for most types of armour.
You have tough skin. (AC +1)


Message History

The worm stops glowing.
The worm bites you but does no damage.
You hit the worm but do no damage.
The worm is heavily wounded.
The worm bites you!
* * * LOW HITPOINT WARNING * * *
You hit the worm.
The worm is heavily wounded.
You barely miss the worm.
The worm is heavily wounded.
The worm bites you.
* * * LOW HITPOINT WARNING * * *
You hit the worm.
The worm is severely wounded.
You hit the worm.
The worm is almost dead.
The worm barely misses you.
You hit the worm but do no damage.
The worm is severely wounded.
The worm bites you.
You die...

#############
##...........# #..@.#
#.# #.w#.## #<#
#.#.#.######.####.##
#.#...#.#............
#.#.....#..###.####.##
#.#.≈≈≈.#..###.# #
#≈...≈#......#
#≈._.≈#.######
#≈...≈#.#


You could see a worm.

Vanquished Creatures
  A worm (D:2)
  3 dart slugs (D:1)
  2 ball pythons (D:1)
  7 bats (D:1)
  2 giant cockroaches (D:1)
  3 hobgoblins (D:1)
  3 frilled lizards (D:1)
  2 goblins (D:1)
  A rat (D:1)
24 creatures vanquished.

Notes
Turn   | Place    | Note
-------+----------+-------------------------------------------
     0 | D:1      | Kahibar the Ogre Arcane Marksman began the quest for the
                  | Orb.
     0 | D:1      | Reached XP level 1. HP: 19/19 MP: 2/2
    18 | D:1      | Reached skill level 3 in Hexes
   298 | D:1      | Reached XP level 2. HP: 14/27 MP: 1/3
   810 | D:1      | Reached XP level 3. HP: 34/35 MP: 2/4
  1313 | D:2      | Found a sacrificial altar of Ru.
  1321 | D:2      | Learned a level 2 spell: Slow
  1335 | D:2      | Slain by a worm

Skill      XL: |  1  2 |
---------------+-------+-----
Hexes          | 3 |  3.3
Dodging        | 2 |  2.0
Fighting       | |  1.7
Short Blades   | |  0.7
Throwing       | |  2.0
Spellcasting   | |  1.8

Action                   || total
-------------------------++-------
Melee: Short sword       ||    81
Throw: Large rock        ||     9
       Throwing net      ||     2
 Cast: Corona            ||    27
  Eat: Chunk             ||     2
Armor: Robe              ||    32
Dodge: Dodged            ||    72
